 Dungeon Crawl Stone Soup version 0.27-a0-345-g7370b58738 (webtiles) character file.

Game seed: 3540059488015860215

100 Feb132020 the Conjurer (level 4, -3/24 HPs)
             Began as a Deep Elf Conjurer on Feb 15, 2021.
             Slain by a small abomination (14 damage)
             ... on level 1 of the Abyss.
             The game lasted 00:16:46 (2809 turns).

Feb132020 the Conjurer (Deep Elf Conjurer)          Turns: 2809, Time: 00:16:46

Health: -3/24      AC:  3    Str:  4    XL:     4   Next: 46%
Magic:  6/11       EV: 13    Int: 23    God:
Gold:   78         SH:  0    Dex: 14    Spells: 7/10 levels left

rFire    . . .     SeeInvis +   (no weapon)
rCold    . . .     Faith    .   (no shield)
rNeg     . . .     Spirit   .   a - +1 robe
rPois    .         Reflect  .   (no helmet)
rElec    .         Harm     .   (no cloak)
rCorr    +         Rampage  .   (no gloves)
Will     .....                  (no boots)
Stlth    ++........             (no amulet)
HPRegen  0.08/turn              c - ring of see invisible
MPRegen  0.12/turn              e - ring of resist corrosion

@: no status effects
A: no striking features
a: no special abilities


You were on level 1 of the Abyss.
You visited 1 branch of the dungeon, and saw 3 of its levels.
You visited the Abyss 1 time.

You collected 78 gold pieces.

Inventory:

Hand Weapons
 b - a +0 dagger
Armour
 a - a +1 robe (worn)
Jewellery
 c - a ring of see invisible (left hand)
 e - a ring of resist corrosion (right hand)
 g - a ring of ice
Scrolls
 i - a scroll of immolation
 j - a scroll of fog {unknown}
 l - a scroll of amnesia {unknown}
Potions
 d - a potion of brilliance
 f - a potion of ambrosia
Miscellaneous
 h - a lightning rod (4/4)


   Skills:
 + Level 0.1 Short Blades
 + Level 2.7 Dodging
 + Level 3.0 Stealth
 + Level 3.9 Spellcasting
 + Level 5.8 Conjurations


You had 7 spell levels left.
You knew the following spells:

 Your Spells              Type           Power        Failure   Level
a - Magic Dart            Conj           100%         1%          1
b - Searing Ray           Conj           62%          1%          2

Your spell library contained the following spells:

 Spells                   Type           Power        Failure   Level
 Dazzling Flash           Conj/Hex       34%          10%         3
 Fulminant Prism          Conj/Hex       8%           32%         4
 Iskenderun's Mystic Bla  Conj/Tloc      17%          32%         4


Dungeon Overview and Level Annotations

Branches:
Dungeon (3/15)

Altars:

Annotations:
D:2 Robin, Terence
D:3 3 runed translucent doors, TimeIsEndless's ghost, novice DrIE; chipmonk's ghost, amateur OpVM


Message History

A tentacled starspawn comes into view.
A small abomination comes into view.
Found a grey potion.
d - a grey potion What are your orders? t - Shout!
Orders for allies: a - Attack new target. r - Retreat! s - Stop attacking. g - Guard the area. f - Follow me.
Anything else - Cancel.
Okay, then.
As you read the scroll of identify, it crumbles to dust.
d - a potion of brilliance A small abomination comes into view.
The small abomination barely misses you.
Unknown command.
Unknown command.
Unknown command.
Unknown command.
Casting: Magic Dart (safe; 1% risk of failure)
Confirm with . or Enter, or press ? or * to list all spells.
Aiming: Searing Ray (safe; 1% risk of failure)
Press: ? - help, Shift-Dir - straight line, f - small abomination
Aim: a small abomination (21% to evade)
The searing ray hits the small abomination but does no damage. (Press . to maintain the ray.)
The small abomination closely misses you.
The searing ray misses the small abomination.
The small abomination barely misses you. x2
The searing ray hits the small abomination.
The small abomination is lightly damaged.
The small abomination closely misses you.
The searing ray hits the small abomination but does no damage.
The small abomination is lightly damaged.
You finish channeling your searing ray.
The small abomination hits you!
Ouch! That really hurt!
The small abomination closely misses you.
The small abomination hits you!
Ouch! That really hurt!
You die...

#.....#...#. #
#.# # . ##
#...# #### .#
## #..# ..
#.### # #.
####.#...#.# #
###..#..#....#
#.#..# ...#..
##@## ### ....
#.x.# # .#..#
##.#### . #
#..# . #..##
.. ...# ####


You could see a small abomination.

Vanquished Creatures
  An adder (D:3)
  2 worms
  3 dart slugs
  A leopard gecko (D:2)
  An orc (D:3)
  8 bats
  2 giant cockroaches
  16 goblins
  10 hobgoblins
  7 jackals
  A quokka (D:2)
  A ball python (D:3)
  12 kobolds
  4 rats (D:3)
69 creatures vanquished.

Vanquished Creatures (others)
  A plant (D:2)
  5 withered plants (D:3)
6 creatures vanquished.

Grand Total: 75 creatures vanquished

Notes
Turn   | Place    | Note
-------+----------+-------------------------------------------
     0 | D:1      | Feb132020 the Deep Elf Conjurer began the quest for the
                  | Orb.
     0 | D:1      | Reached XP level 1. HP: 10/10 MP: 6/6
   242 | D:1      | Reached XP level 2. HP: 15/15 MP: 6/8
   245 | D:1      | Learned a level 2 spell: Searing Ray
   311 | D:1      | Reached skill level 5 in Conjurations
   834 | D:1      | Reached XP level 3. HP: 19/19 MP: 6/9
  1229 | D:2      | Noticed Robin
  1501 | D:2      | Noticed Terence
  2196 | D:2      | Reached XP level 4. HP: 24/24 MP: 4/11
  2310 | D:3      | Found a runed translucent gate.
  2310 | D:3      | Found a runed translucent gate.
  2310 | D:3      | Noticed chipmonk's ghost (amateur OpVM)
  2311 | D:3      | Found a runed translucent gate.
  2311 | D:3      | Noticed TimeIsEndless's ghost (novice DrIE)
  2630 | D:3      | Cast into level 1 of the Abyss (unwielding a weapon of
                  | distortion)
  2654 | Abyss:1  | Noticed a reaper
  2671 | Abyss:1  | Noticed a starcursed mass
  2705 | Abyss:1  | Noticed a bone dragon
  2766 | Abyss:1  | Noticed a tentacled starspawn
  2770 | Abyss:1  | Noticed a small abomination
  2803 | Abyss:1  | Noticed a small abomination
  2809 | Abyss:1  | Slain by a small abomination

Illustrated notes

Levels and vault maps discovered:
D:1:      dpeg_arrival_pits, layout_basic, st_stairs_12,
          minmay_misc_feat_enclosed, minmay_bisected
D:2:      layout_basic, serial_forest, infiniplex_forest_straight_3,
          infiniplex_forest_straight_4, infiniplex_forest_lined_room_2,
          infiniplex_forest_lined_3_way, infiniplex_forest_clump_double,
          infiniplex_forest_clump_C, infiniplex_forest_straight_4,
          infiniplex_forest_clump_curved, infiniplex_forest_lined_2,
          uniq_terence, uniq_robin
D:3:      layout_basic, gammafunk_ghost_cemetery, minmay_circle_x
Abyss:1:  base:
D:2

Skill      XL: |  1  2  3 |
---------------+----------+-----
Conjurations   | 5 |  5.8
Stealth        | 3 |  3.0
Short Blades   | |  0.1
Dodging        | |  2.7
Spellcasting   | |  3.9

Action                   |  1- 3 |  4- 6 || total
-------------------------+-------+-------++-------
Melee: Dagger            |    14 |     5 ||    19
 Cast: Magic Dart        |    89 |    21 ||   110
       Searing Ray       |       |     3 ||     3
  Use: Scroll            |     2 |     7 ||     9
       Potion            |       |     1 ||     1
 Stab: Sleeping          |     2 |     1 ||     3
Armor: Robe              |     4 |     1 ||     5
Dodge: Dodged            |    17 |    10 ||    27

Table legend: (Time is in decaauts)
 A = Elapsed time spent in this place.
 B = Non-inter-level travel time spent in this place.
 C = Inter-level travel time spent in this place.
 D = Time resting spent in this place.
 E = Time spent auto-exploring this place.
 F = Levels seen in this place.
 G = Mean time per level.
                   A        B        C        D        E       F      G
               +--------+--------+--------+--------+--------+-----+--------+
         Total |   2811 |   2656 |    155 |    103 |   2015 |   4 |  702.8 |
       Dungeon |   2632 |   2477 |    155 |    103 |   1983 |   3 |  877.3 |
         Abyss |    179 |    179 |      0 |      0 |     32 |   1 |  179.0 |
               +--------+--------+--------+--------+--------+-----+--------+

Top non-repeatable levels by time:
     D:1: 1201 daAuts
     D:3: 737 daAuts
     D:2: 693 daAuts
 Abyss:1: 179 daAuts
